Map: Apotheosis LE

Players

Tang - Winner!

  • Race: Zerg Zerg

A.I. 1 (Elite)

  • Race: Terran Terran

VOD

Have the link to the VOD?

Description

Time

  • Played on: Sept. 11, 2016, 9:12 a.m.
  • Length: 13:27
Show
View Real Time Build Order
Export as new Build Order

Tang Zerg - Winner!

Build Orders: Hatch First 

Get SALT Encoding   

  12  0:00  Drone  
  13  0:12  Overlord  
  13  0:17  Drone  
  14  0:31  Drone x2  
  14  0:34  Drone  
  17  0:52  Hatchery  
  17  0:55  Drone  
  17  0:58  Drone  
  17  1:01  Extractor  
  17  1:13  Spawning Pool  
  17  1:16  Drone  
  17  1:20  Drone  
  18  1:28  Drone  
  19  1:39  Overlord  
  19  2:00  Zergling x2  
  20  2:05  Queen x2  
  20  2:06  Zergling x4  
  20  2:07  Metabolic Boost  
  26  2:13  Drone  
  26  2:15  Drone  
  28  2:22  Drone  
  29  2:25  Drone  
  30  2:32  Drone  
  30  2:36  Drone  
  32  2:40  Queen  
  32  2:41  Queen  
  36  2:47  Overlord  
  36  3:00  Hatchery  
  36  3:01  Drone  
  36  3:05  Overlord  
  36  3:07  Drone  
  36  3:09  Drone  
  38  3:15  Drone  
  38  3:16  Drone x2  
  38  3:18  Drone  
  42  3:21  Drone  
  42  3:23  Drone  
  42  3:25  Drone  
  42  3:27  Drone  
  46  3:29  Drone  
  46  3:31  Drone  
  48  3:37  Roach Warren  
  48  3:40  Overlord  
  47  3:46  Drone  
  48  3:55  Drone  
  49  3:56  Drone x3  
  49  3:57  Overlord x2  
  49  3:59  Drone, Extractor  
  52  4:04  Spore Crawler  
  51  4:10  Spore Crawler  
  51  4:15  Spore Crawler  
  51  4:16  Drone  
  51  4:17  Drone x2, Roach x2  
  56  4:25  Roach  
  56  4:26  Roach x2  
  56  4:27  Roach  
  64  4:33  Drone x3  
  64  4:34  Drone x2  
  64  4:36  Drone  
  70  4:40  Roach  
  70  4:43  Drone  
  73  4:48  Evolution Chamber  
  73  4:49  Drone x2  
  73  4:50  Evolution Chamber  
  73  4:56  Roach x3  
  73  4:57  Overlord  
  73  4:58  Overlord  
  73  4:59  Drone  
  80  5:00  Drone  
  80  5:01  Drone  
  82  5:15  Overlord x2  
  82  5:16  Drone  
  82  5:17  Drone x3  
  82  5:19  Drone x2, Zerg Missile Weapons Level 1  
  88  5:26  Extractor  
  87  5:30  Zerg Ground Armor Level 1  
  87  5:32  Drone  
  87  5:33  Drone x2  
  87  5:34  Extractor  
  89  5:35  Drone  
  89  5:36  Drone x2  
  89  5:39  Drone x3  
  89  5:41  Drone x2  
  89  5:42  Drone, Extractor x2  
  97  5:47  Hatchery  
  97  5:49  Lair  
  95  5:54  Overlord x2  
  95  6:01  Roach x4  
  103  6:05  Roach  
  103  6:06  Roach, Overlord x3  
  103  6:11  Roach  
  109  6:16  Overlord x4  
  109  6:24  Roach x2  
  113  6:34  Drone x8  
  121  6:40  Roach x3  
  121  6:43  Roach  
  121  6:45  Ravager  
  121  6:46  Ravager x3  
  133  6:47  Roach x2  
  133  6:49  Glial Reconstitution  
  137  6:58  Roach x3  
  143  7:02  Roach x4  
  143  7:03  Roach x3  
  143  7:06  Extractor  
  156  7:08  Drone, Extractor  
  156  7:09  Drone x2  
  158  7:19  Drone  
  158  7:20  Zerg Missile Weapons Level 2  
  159  7:23  Drone x7  
  159  7:27  Zerg Ground Armor Level 2  
  166  7:34  Hatchery  
  165  7:40  Infestation Pit  
  164  7:45  Roach x12  
  164  7:46  Roach  
  164  7:48  Roach  
  192  8:12  Overlord x4  
  192  8:16  Pneumatized Carapace  
  192  8:19  Hive  
  137  9:31  Roach  
  137  9:32  Roach x14  
  137  9:33  Roach x17  
  193  9:42  Zerg Missile Weapons Level 3  
  193  9:43  Zerg Ground Armor Level 3  
  187  9:46  Ultralisk Cavern, Adrenal Glands  
  178  10:00  Spire  
  178  10:06  Drone x2  
  179  10:12  Extractor  
  178  10:15  Roach x8  
  178  10:16  Roach x3  
  178  10:17  Extractor  
  199  10:30  Ravager  
  200  10:36  Chitinous Plating  
  194  11:03  Ravager x2  
  196  11:07  Ravager x2  
  196  11:08  Ravager  
  196  11:09  Ravager  
  200  11:25  Greater Spire  
  189  11:58  Ultralisk  
  191  12:06  Ultralisk x2  
  199  12:10  Corruptor  
  193  12:26  Corruptor x4  
  197  12:37  Corruptor  
  197  12:42  Corruptor x3  
  198  12:45  Corruptor  
  200  12:56  Overseer  
Show
View Real Time Build Order
Export as new Build Order

A.I. 1 (Elite) Terran 

Build Orders: MMM Bio 

Get SALT Encoding   

  12  0:00  SCV  
  13  0:13  SCV  
  14  0:18  Supply Depot  
  14  0:25  SCV  
  15  0:40  SCV  
  16  0:43  Barracks  
  16  0:52  SCV  
  17  1:04  SCV  
  18  1:16  SCV  
  19  1:19  Command Center  
  19  1:32  Orbital Command  
  19  1:33  Marine  
  20  1:45  Supply Depot  
  20  1:49  Refinery  
  20  1:51  Marine  
  21  1:58  SCV  
  22  2:08  Marine, Barracks  
  22  2:10  SCV  
  24  2:16  Refinery  
  24  2:22  SCV  
  25  2:26  Marine  
  25  2:28  Supply Depot  
  26  2:34  SCV  
  27  2:43  Orbital Command  
  27  2:46  Marine  
  27  2:48  SCV  
  29  2:59  Factory  
  29  3:01  Marine, SCV  
  31  3:05  Marine  
  31  3:09  SCV  
  33  3:13  SCV  
  33  3:19  Marine  
  35  3:21  SCV  
  35  3:23  Marine  
  35  3:25  SCV  
  38  3:33  SCV  
  39  3:37  Marine, SCV  
  41  3:41  Marine  
  41  3:45  Factory Tech Lab, Starport  
  41  3:47  SCV  
  43  3:49  SCV  
  43  3:52  Supply Depot  
  43  3:55  Marine  
  45  3:59  Marine, SCV  
  45  4:01  SCV  
  48  4:06  Siege Tank  
  51  4:11  SCV, Supply Depot  
  51  4:13  Marine, SCV  
  51  4:17  Marine  
  54  4:21  Starport Tech Lab, Supply Depot  
  54  4:23  SCV  
  56  4:25  SCV  
  57  4:35  Armory, SCV  
  57  4:37  SCV  
  62  4:38  Siege Tank  
  62  4:47  SCV  
  62  4:49  SCV, Supply Depot  
  62  4:52  Fusion Core  
  64  4:59  SCV  
  65  5:00  Supply Depot  
  65  5:01  Liberator  
  65  5:02  SCV  
  65  5:04  Marine  
  65  5:06  Marine  
  68  5:11  SCV  
  68  5:12  Barracks  
  68  5:14  SCV  
  73  5:24  Barracks Tech Lab, SCV  
  73  5:25  Refinery  
  73  5:26  SCV  
  73  5:28  Refinery  
  75  5:45  Marauder  
  75  5:47  SCV  
  75  5:48  Engineering Bay, Command Center  
  78  5:50  SCV, Stimpack  
  78  5:53  Engineering Bay  
  79  5:59  SCV  
  79  6:03  Ghost Academy  
  80  6:04  Supply Depot  
  80  6:07  Marauder  
  82  6:16  Missile Turret  
  82  6:18  Missile Turret  
  82  6:22  Barracks  
  82  6:23  Marine  
  82  6:25  Marine  
  84  6:26  Terran Infantry Weapons Level 1  
  84  6:28  Marauder  
  86  6:33  Supply Depot  
  86  6:38  Terran Infantry Armor Level 1  
  86  6:41  Marine  
  86  6:45  Missile Turret, Barracks Reactor  
  87  6:50  Marauder  
  89  6:56  Medivac  
  89  7:00  Barracks Tech Lab, SCV x2  
  89  7:01  SCV  
  94  7:10  Ghost  
  94  7:12  SCV  
  94  7:13  SCV  
  94  7:14  SCV  
  99  7:17  Combat Shields  
  99  7:18  Command Center, Refinery  
  99  7:19  Marauder  
  101  7:24  Missile Turret, SCV  
  101  7:25  Missile Turret  
  101  7:26  SCV x2, Medivac  
  101  7:28  Refinery  
  106  7:30  Supply Depot  
  106  7:36  SCV  
  107  7:38  SCV  
  107  7:39  Ghost, Orbital Command  
  107  7:40  Marauder  
  112  7:49  SCV  
  112  7:50  SCV  
  114  7:55  Supply Depot  
  114  7:56  Medivac  
  116  8:00  Ghost  
  116  8:01  SCV  
  116  8:02  SCV  
  116  8:04  SCV  
  121  8:09  Marauder  
  123  8:13  SCV  
  123  8:16  SCV  
  123  8:17  Personal Cloaking  
  123  8:19  Supply Depot  
  125  8:26  Medivac  
  127  8:27  Missile Turret  
  127  8:28  Terran Infantry Weapons Level 2  
  127  8:29  Ghost  
  127  8:30  Marauder  
  127  8:31  Concussive Shells  
  127  8:32  Refinery  
  131  8:42  SCV  
  131  8:44  SCV  
  131  8:46  SCV  
  131  8:47  Missile Turret  
  131  8:51  Cloaking Field, Marauder  
  132  8:56  Banshee  
  132  8:58  Marauder  
  132  9:00  Missile Turret  
  132  9:01  Supply Depot  
  136  9:04  SCV  
  136  9:06  SCV  
  136  9:09  SCV  
  127  9:13  Marauder  
  127  9:17  SCV  
  118  9:18  SCV  
  118  9:19  Marauder  
  118  9:21  SCV  
  104  9:25  Marine  
  104  9:27  Marine  
  104  9:29  SCV  
  104  9:30  Marine  
  91  9:34  SCV, Marauder  
  91  9:37  SCV  
  79  9:40  Marine  
  79  9:41  SCV  
  79  9:43  Marine  
  79  9:45  Marine  
  74  9:46  SCV  
  74  9:47  Marine  
  74  9:49  SCV  
  68  9:53  Command Center  
  68  9:55  Marine, SCV  
  68  9:58  Marine, SCV  
  72  10:01  Marine, SCV  
  72  10:02  Refinery  
  72  10:06  Marine  
  75  10:09  SCV  
  75  10:11  SCV  
  75  10:13  SCV, Marauder  
  80  10:18  Marauder  
  82  10:22  SCV  
  82  10:25  Marine, SCV  
  82  10:27  SCV  
  86  10:28  Marine  
  86  10:34  SCV  
  86  10:35  Marauder  
  90  10:37  SCV  
  90  10:38  Ghost  
  90  10:39  SCV  
  94  10:46  SCV  
  94  10:49  SCV  
  96  10:52  SCV  
  96  10:55  Marine  
  96  10:56  Marine x2, Marauder  
  95  10:58  SCV  
  95  11:02  SCV  
  90  11:04  SCV  
  90  11:07  Marine  
  90  11:10  SCV  
  92  11:13  Marine  
  92  11:16  SCV  
  92  11:17  Marine, Marauder  
  93  11:18  Marine  
  93  11:23  SCV  
  93  11:24  Ghost  
  89  11:28  SCV  
  89  11:30  Marine  
  85  11:35  SCV  
  85  11:37  Command Center  
  85  11:39  Marauder  
  83  11:41  SCV  
  83  11:43  Marine  
  65  11:47  SCV  
  65  11:53  Marine, SCV  
  58  12:00  Marine  
  51  12:05  SCV  
  48  12:15  Command Center  
  44  12:24  Command Center  
  44  12:29  Supply Depot  
  42  12:30  Barracks  
  36  13:07  Supply Depot  
Tags
 
Composition
MMM Bio
Matchup
TvZ
Add a new tag
Caveats
  • Supply blocks, unpowered buildings, or Contaminate may cause inaccurate times.
  • Supply counts are checked every 10 seconds.